 Dungeon Crawl Stone Soup version 0.30-a0-12-gd8047c6341 (webtiles) character file.

Game seed: 14248009736954312072

65 Zeldest the Sneak (level 4, 0/39 HPs)
             Began as a Naga Earth Elementalist on Aug 23, 2022.
             Slain by an adder (1 damage)
             ... on level 3 of the Dungeon.
             The game lasted 00:04:44 (691 turns).

Zeldest the Sneak (Naga Earth Elementalist)          Turns: 691, Time: 00:04:45

Health: 0/39       AC:  2    Str:  8 (11) XL:     4   Next: 14%
Magic:  6/7        EV:  9    Int: 14 (17) God:
Gold:   91         SH:  5    Dex: 11      Spells: 6/7 levels left

rFire   . . .      SeeInvis +      - Unarmed
rCold   . . .      Faith    .    (no shield)
rNeg    . . .      Spirit   .    a - +0 robe
rPois   +          Reflect  +    (no helmet)
rElec   .          Harm     .    (no cloak)
rCorr   .          Rampage  .    (no gloves)
Will    .....                    (no barding)
Stlth   ++........               e - amulet of reflection
HPRegen 0.13/turn                (no ring)
MPRegen 0.10/turn                (no ring)

@: attractive, very slow
A: AC +1, large, see invisible, deformed body, poison resistance, slowness 2,
spit poison 1, naga tail 1
a: Spit Poison


You were on level 3 of the Dungeon.
You visited 1 branch of the dungeon, and saw 4 of its levels.

You collected 91 gold pieces.

Inventory:

Missiles
 d - 3 poisoned darts
Armour
 a - a +0 robe (worn)
Jewellery
 e - an amulet of reflection (around neck)
Scrolls
 c - a scroll of brand weapon
 f - a scroll of identify
 g - a scroll of enchant armour {unknown}
 i - 2 scrolls of amnesia
Potions
 k - a potion of degeneration


   Skills:
 + Level 1.7 Fighting
 - Level 1.5 Dodging
 - Level 3.0 Stealth
 + Level 1.7 Unarmed Combat
 - Level 2.0 Spellcasting
 + Level 1.0 Conjurations
 + Level 2.1 Transmutations
 - Level 3.0 Earth Magic


You had 6 spell levels left.
You knew the following spells:

 Your Spells              Type           Power      Damage    Failure   Level
a - Sandblast             Erth           18%        2d7       7%          1

Your spell library contained the following spells:

 Spells                   Type           Power      Damage    Failure   Level
 Passwall                 Tmut/Erth      6%         N/A       12%         2
 Foxfire                  Conj/Fire      8%         2x1d4     19%         1
 Stone Arrow              Conj/Erth      14%        3d7       30%         3
 Conjure Flame            Conj/Fire      2%         6-21      50%         3
 Inner Flame              Hex/Fire       1%         N/A       56%         3
 Petrify                  Tmut/Erth      8%         N/A       63%         4
 Flame Wave               Conj/Fire      2%         2d4       88%         4


Dungeon Overview and Level Annotations

Branches:
Dungeon (4/15)
 Temple: D:4-7

Altars:


Innate Abilities, Weirdness & Mutations

Your serpentine skin is tough. (AC +1)
You have supernaturally acute eyesight. (SInv)
Armour fits poorly on your strangely shaped body.
Your system is resistant to poisons. (rPois)
You cover ground very slowly.
You can spit poison.
You have a snake-like lower body.


Message History

You have reached level 4!
You feel stronger.
As you read the scroll labelled ERULEST POWUO, it crumbles to dust.
It is a scroll of amnesia.
Really abort (and waste the scroll)?
Okay, then.
You feel sick. The kobold hits you with a +0 whip.
* * * LOW HITPOINT WARNING * * *
As you read the scroll labelled COPODI TETSISS, it crumbles to dust.
Wisps of shadow whirl around you...
It was a scroll of summoning.
You feel sick. You block the kobold's attack.
You swap places.
You feel sick.
Your bat barely misses the kobold.
Your bat closely misses the kobold. x2
The kobold hits your bat with a +0 whip. x2
Your bat dies!
Your bat's corpse dissolves into shadows!
The kobold is attracted toward you. The adder is attracted toward you.
The orc is attracted toward you. Something is attracted toward you. x3
You swap places.
You feel sick.
Your endoplasm hits the kobold. The kobold hits you but does no damage.
You swap places.
You feel sick.
Your endoplasm misses the kobold.
Your orc closely misses the kobold.
The kobold barely misses your orc.
Your orc hits the kobold with a +0 falchion.
The kobold dies!
You feel sick.
You are no longer poisoned.
Your endoplasm freezes the adder.
The adder is frozen.
The adder seems to slow down.
The adder barely misses your orc.
Your orc barely misses the adder.
The adder is attracted toward you.
You barely miss the adder.
The adder is lightly wounded.
Your orc closely misses the adder.
The adder bites you.
* * * LOW HITPOINT WARNING * * *
As you read the scroll labelled TOIXEO HIRE, it crumbles to dust.
It is a scroll of identify.
c - a scroll of brand weapon The adder is no longer moving slowly.
Your orc misses the adder. The adder bites you.
You die...

#.####.......†.....
#.# #######.######
#.# ###.### #. #.#
#.....# #. #.#
#.#.#.###. #.##
#.#.#.##.. #..# #
#.# ##.. ##.#
#.#.##.. #@#
#....... #S#
##.##.####.
#o###ogrg. . ...


#Jo§ooggr. g.... #####g###. #.##... g .<.. ...S. ..#.#. You could see an adder
(ally target), an orc, a friendly orc (summoned) and a friendly endoplasm
(summoned).

Vanquished Creatures
  An orc wizard (D:3)
  A dart slug (D:1)
  4 orcs (D:3)
  A ball python (D:1)
  An endoplasm (D:1)
  A giant cockroach (D:1)
  4 goblins
  3 hobgoblins
  3 jackals (D:1)
  4 kobolds
  2 bats
  3 frilled lizards
  3 rats
31 creatures vanquished.

Vanquished Creatures (collateral kills)
  A kobold (D:3)
1 creature vanquished.

Grand Total: 32 creatures vanquished

Notes
Turn   | Place    | Note
-------+----------+-------------------------------------------
     0 | D:1      | Zeldest the Naga Earth Elementalist began the quest for the
                  | Orb.
     0 | D:1      | Reached XP level 1. HP: 15/15 MP: 3/3
   104 | D:1      | Reached XP level 2. HP: 16/24 MP: 1/5
   140 | D:1      | Reached skill level 1 in Unarmed Combat
   147 | D:1      | Reached skill level 1 in Fighting
   419 | D:2      | Reached XP level 3. HP: 31/31 MP: 6/6
   684 | D:3      | Reached skill level 1 in Conjurations
   684 | D:3      | Reached XP level 4. HP: 13/39 MP: 5/7
   690 | D:3      | HP: 1/39 [adder (2)]
   691 | D:3      | Slain by an adder

Illustrated notes

Levels and vault maps discovered:
D:1:      minmay_arrival_solitary_statue, layout_basic,
          shapermc_ecumenical_altar_mp_vishouse
D:2:      layout_basic, amcnicky_mini_pool_small, kennysheep_another_room,
          minmay_diced_spiral
D:3:      layout_loops_ring, nicolae_ru_awakened_eye, serial_shops, shop,
          dreamdust_princess_bridge, cheibrodos_gnoll_hut
D:4:      layout_loops_ring, fedhas_altar_1, marbit_many_paths,
          gammafunk_ghost_arena, guppyfry_early_lair_pool

Skill      XL: |  1  2  3 |
---------------+----------+-----
Unarmed Combat | 1 |  1.7
Fighting       | 1 |  1.7
Conjurations   | 1 |  1.0
Transmutations | 2 |  2.1
Dodging        | |  1.5
Stealth        | |  3.0
Spellcasting   | |  2.0
Earth Magic    | |  3.0

Action                   |  1- 3 |  4- 6 || total
-------------------------+-------+-------++-------
Melee: Unarmed           |    27 |     1 ||    28
Throw: Dart              |     1 |       ||     1
 Cast: Sandblast         |    33 |       ||    33
 Abil: Spit Poison       |    19 |       ||    19
  Use: Potion            |     4 |       ||     4
       Scroll            |       |     3 ||     3
Armor: Robe              |     8 |     1 ||     9
Dodge: Dodged            |    22 |       ||    22
Block: Other             |    14 |     1 ||    15
       Reflection        |     1 |       ||     1

Table legend: (Time is in decaauts)
 A = Elapsed time spent in this place.
 B = Non-inter-level travel time spent in this place.
 C = Inter-level travel time spent in this place.
 D = Time resting spent in this place.
 E = Time spent auto-exploring this place.
 F = Levels seen in this place.
 G = Mean time per level.
                   A        B        C        D        E       F      G
               +--------+--------+--------+--------+--------+-----+--------+
         Total |    930 |    930 |      0 |      0 |      0 |   4 |  232.5 |
       Dungeon |    930 |    930 |      0 |      0 |      0 |   4 |  232.5 |
               +--------+--------+--------+--------+--------+-----+--------+

Top non-repeatable levels by time:
     D:1: 541 daAuts
     D:2: 212 daAuts
     D:3: 175 daAuts
     D:4: 1 daAuts
